AoeStats
← 已严肃退出多人局

Nomad

509552964Analyzed
4v4 RM · 6d ago on Sep 27, 2026· 42m 17s· 8 players
Game mode
Random Map
Map size
231×231
Population
200
Speed
Normal
Resources
Standard
Victory
Conquest
Starting age
Dark Age
Ending age
Imperial Age
RankedLock teamsTeams togetherTeam positionsShared explorationLock speedFull tech treeHidden civsTurbo modeCheats
Victory
Defeat
🇨🇳 Saxons · China
2053
+7
🇨🇳 Vietnamese · China
1824
+16
🇭🇰 Koreans · Hong Kong SAR China
1807
+17
🇨🇳 Spanish · China
1774
+19
🇹🇼 Varangians · Taiwan
1894
-17
🇹🇼 Saxons · Taiwan
1889
-17
🇹🇼 Danes · Taiwan
1887
-17
🇺🇸 Danes · United States
1645
-8
DYS.Chipmunk
13:46 Feudal Age
14:49 Loom
17:30 Castle Age
16:39 Fletching
17:21 Padded Archer Armor
17:43 Elite Skirmisher
23:15 Town Watch
32:03 Double-Bit Axe
GKT_Cloud
11:17 Loom
13:30 Feudal Age
14:05 Town Watch
17:09 Castle Age
14:59 Double-Bit Axe
14:56 Fishing Lines
16:56 Scale Barding Armor
18:07 Bow Saw
17:48 Gillnets
22:12 Wheelbarrow
22:25 Gold Mining
23:14 Bloodlines
26:56 Chain Barding Armor
27:42 Medium Warships
33:09 Imperial Age
31:33 Hand Cart
31:33 Husbandry
31:18 Vendel Legacy
34:40 Plate Barding Armor
33:35 Cavalier
34:01 Horse Collar
35:26 Forging
36:33 Conscription
38:21 Iron Casting
37:43 Stone Mining
37:56 Heavy Plow
40:06 Coinage
41:39 Blast Furnace
LeeChia
6:45 Loom
11:32 Feudal Age
12:02 Town Watch
15:55 Wheelbarrow
17:51 Fletching
24:14 Double-Bit Axe
27:53 Horse Collar
43:53 Castle Age
DemonSheep
14:23 Feudal Age
14:45 Feudal Age
15:04 Loom
15:39 Loom
16:52 Town Watch
16:56 Fishing Lines
17:03 Double-Bit Axe
19:44 Castle Age
18:50 Fletching
20:32 Bodkin Arrow
20:30 Gold Mining
20:51 Gillnets
26:18 Wheelbarrow
26:23 Horse Collar
34:38 Scale Mail Armor
34:49 Forging
35:47 Pikeman
36:27 Squires
37:36 Chain Mail Armor
CNZS_Dadaya
11:50 Loom
14:38 Feudal Age
15:10 Double-Bit Axe
18:56 Castle Age
18:34 Fishing Lines
20:06 Bow Saw
19:49 Gillnets
22:23 Scale Mail Armor
22:33 Fletching
26:21 Horse Collar
27:29 Chain Mail Armor
27:39 Arson
28:05 Squires
29:07 Forging
30:39 Wheelbarrow
31:29 Town Watch
31:44 Gold Mining
32:30 Crossbowman
34:15 Bodkin Arrow
34:58 Stone Mining
35:51 Hand Cart
38:57 Imperial Age
37:05 Padded Archer Armor
36:56 Gambesons
38:45 Guard Tower
39:17 Ballistics
40:03 Conscription
39:04 Shield Wall
39:45 Bracer
40:06 Arbalester
41:50 Chemistry
40:51 Elite Varangian Guard
42:34 Plate Mail Armor
42:33 Thumb Ring
温蒂
4:55 Loom
13:52 Feudal Age
17:28 Castle Age
15:24 Fishing Lines
15:52 Double-Bit Axe
16:48 Forging
16:53 Gold Mining
18:22 Medium Warships
18:24 Bow Saw
19:27 Gillnets
20:30 Iron Casting
23:25 Fletching
24:01 Horse Collar
25:26 Bodkin Arrow
26:36 Wheelbarrow
27:40 Stone Mining
32:22 Imperial Age
30:16 Heavy Plow
31:28 Hand Cart
31:11 Town Watch
32:08 Scale Barding Armor
33:08 Chain Barding Armor
33:42 Conscription
34:24 Blast Furnace
34:34 Plate Barding Armor
35:00 Blast Furnace
34:28 Guilds
35:00 Stone Shaft Mining
33:49 Cavalier
34:40 Bloodlines
34:34 Husbandry
36:04 Paladin
40:35 Coinage
41:34 Supremacy
42:31 Banking
已严肃退出多人局
6:27 Loom
12:31 Feudal Age
16:26 Castle Age
15:09 Gold Mining
15:34 Fletching
17:16 Bodkin Arrow
17:28 Crossbowman
18:39 Double-Bit Axe
23:38 Wheelbarrow
23:01 Town Watch
25:26 Ballistics
26:20 Bow Saw
29:18 Hand Cart
37:36 Imperial Age
35:19 Scale Mail Armor
36:52 Chain Mail Armor
36:48 Forging
37:26 Squires
37:12 Arson
37:48 Horse Collar
38:38 Conscription
38:29 Bracer
39:05 Elite Fire Lancer
41:33 Plate Mail Armor
42:58 Iron Casting
42:43 Heavy Plow
qingchen3457
5:21 Loom
13:16 Feudal Age
18:47 Castle Age
17:28 Town Watch
21:32 Wheelbarrow
22:49 Double-Bit Axe
22:45 Horse Collar
26:56 Hand Cart
32:40 Imperial Age
30:48 Fletching
31:58 Bodkin Arrow
36:50 Bracer
Connection lost

Rejoining the realm…

Still unreachable

The connection could not be restored.

Session expired

The server has moved on; the page needs a fresh start.